 Dungeon Crawl Stone Soup version 0.30.1-4-g462c640d31 (webtiles) character file.

Game seed: 6689327571499394665

1953 H0rd4k the Insei (level 9, -9/56 HPs)
             Began as an Octopode Artificer on Sept 12, 2023.
             Was an Initiate of Gozag.
             Killed by divine providence
             ... invoked by an orc priest
              (17 damage)
             ... on level 7 of the Dungeon.
             The game lasted 00:09:28 (5659 turns).

H0rd4k the Insei (Octopode Artificer)               Turns: 5659, Time: 00:09:29

Health: -9/56      AC:  1    Str: 17    XL:     9   Next: 19%
Magic:  9/9        EV: 11    Int: 24    God:    Gozag
Gold:   312        SH:  5    Dex: 12    Spells: 8/8 levels left

rFire   . .          .
                       - Unarmed
rCold   x x .        (no shield)
rNeg    . . .        (helmet restricted)
rPois   +            t - amulet of reflection
rElec   .            r - ring of willpower
rCorr   .            v - ring of Nuiblel {rPois rF- rC- Will+++ Str+6}
SInv    .            w - ring "Ollodiq" {Fire Int+6}
Will    ++++.        (no ring)
Stlth   +++          (no ring)
HPRegen 0.29/turn    (no ring)
MPRegen 0.11/turn    (no ring)
                     (no ring)

%: reflection
@: grasped by roots, constricted
A: almost no armour, amphibious, 8 rings, camouflage 1, gelatinous body 1,
(nimble swimmer 1), tentacles
a: Renounce Religion, Potion Petition, Call Merchant, Bribe Branch


You were on level 7 of the Dungeon.
You worshipped Gozag.
Gozag was aware of your devotion.
You visited 2 branches of the dungeon, and saw 8 of its levels.

You collected 461 gold pieces.
You paid 149 gold pieces to Gozag.

Inventory:

Missiles
 i - 7 poisoned darts
 u - 45 stones
 y - 4 curare-tipped darts
Jewellery
 r - a ring of willpower (left tentacle)
 t - an amulet of reflection (around mantle)
 v - the ring of Nuiblel (right tentacle) {rPois rF- rC- Will+++ Str+6}
   (You found it on level 5 of the Dungeon)

   [ring of strength]

   Str:       It affects your strength (+6).
   rF:        It makes you vulnerable to fire.
   rC:        It makes you vulnerable to cold.
   rPois:     It protects you from poison.
   Will:      It greatly increases your willpower.
 w - the ring "Ollodiq" (on tentacle) {Fire Int+6}
   (You acquired it on level 6 of the Dungeon)

   [ring of fire]

   It enhances your fire magic.
   Int:       It affects your intelligence (+6).
   rF:        It protects you from fire.
   rC:        It makes you vulnerable to cold.
 x - an amulet of regeneration
Wands
 c - a wand of charming (4)
 d - a wand of flame (16) (quivered)
Scrolls
 a - a scroll of brand weapon
 b - 2 scrolls of immolation {unknown}
 e - 2 scrolls of noise {unknown}
 g - 4 scrolls of identify
 h - 4 scrolls of enchant weapon {unknown}
 j - 5 scrolls of teleportation {unknown}
 k - 3 scrolls of amnesia
 m - a scroll of fear
 o - 4 scrolls of poison {unknown}
 B - a scroll of enchant armour {unknown}
Potions
 f - 4 potions of ambrosia {unknown}
 l - 8 potions of curing
 n - a potion of cancellation {unknown}
 p - a potion of might {unknown}
 q - a potion of resistance {unknown}
 s - 2 potions of haste {unknown}
 z - 2 potions of attraction {unknown}
 A - a potion of brilliance {unknown}


   Skills:
 + Level 3.1 Fighting
 + Level 5.4 Dodging
 - Level 1.3 Stealth
 + Level 1.2 Shields
 + Level 7.7 Unarmed Combat
 + Level 7.6 Evocations


You had 8 spell levels left.
You didn't know any spells.
Your spell library contained the following spells:

 Spells                   Type           Power      Damage    Failure   Level
 Freeze                   Ice            0%         1d3       14%         1
 Poisonous Vapours        Pois/Air       0%         N/A       22%         2
 Frozen Ramparts          Ice            0%         1d1       41%         3
 Hailstorm                Conj/Ice       0%         3d3       41%         3
 Mephitic Cloud           Conj/Pois/Air  0%         N/A       41%         3
 Ozocubu's Armour         Ice            0%         N/A       41%         3
 Volatile Blastmotes      Fire/Tloc      0%         2d10      41%         3
 Fulminant Prism          Conj/Hex       0%         3d5       82%         4
 Iskenderun's Mystic Bla  Conj/Tloc      0%         2d3       82%         4
 Freezing Cloud           Conj/Ice/Air   0%         6-21      99%         5
 Lee's Rapid Deconstruct  Erth           0%         3d4*      99%         5
 Ozocubu's Refrigeration  Ice            0%         4d7       100%        7


Dungeon Overview and Level Annotations

Branches:
Dungeon (7/15)             Temple (1/1) D:6

Altars:
Ashenzari
Dithmenos
Elyvilon
Fedhas
Gozag
Hepliaklqana
Kikubaaqudgha
Makhleb
Nemelex Xobeh
Okawaru
Qazlal
Ru
Sif Muna
Trog
Uskayaw
Vehumet
Wu Jian
Yredelemnul
Zin
The Shining One

Shops:
D:4 *

Annotations:
D:4 exclusion: downstairs
D:6 exclusion: steam dragon, Maggie


Innate Abilities, Weirdness & Mutations

You cannot wear most types of armour.
You are amphibious.
You can wear up to eight rings at the same time.
Your skin changes colour to match your surroundings (Stealth+).
Your rubbery body absorbs attacks. (AC +1, EV +1)
((You are camouflaged when in or above water. (Stealth+)))
You have tentacles for arms and can constrict up to eight enemies at once.


Message History

Press: ? - help, Shift-Dir - straight line, f - sky beast
Aim: a sky beast (chance to affect: 67%)
The sky beast is charmed.
The orc wizard shouts! x2
The orc wizard points at you and mumbles some strange words.
The magic dart hits you! What are your orders? t - Shout!
Orders for allies: a - Attack new target. p - Attack previous target. r - Retreat! s - Stop attacking. g - Guard the area. f - Follow me.
Anything else - Cancel.
Guard this area!
The orc wizard gestures at you while chanting.
The magic dart hits you!
The orc wizard zaps a wand.
The roots erupt in riotous growth!
The grasping roots grab you! The grasping roots constrict you.
The orc priest invokes the aid of Beogh against you.
Beogh smites you!
* * * LOW HITPOINT WARNING * * *
The orc priest shouts!
You escape the roots grasp.
The orc wizard zaps a wand.
The roots erupt in riotous growth!
The grasping roots grab you! Roots grab your sky beast.
The grasping roots constrict your sky beast.
The grasping roots constrict you.
* * * LOW HITPOINT WARNING * * *
Your sky beast struggles to escape constriction.
Your sky beast is being constricted!
Unknown command.
It was a potion of curing.
You feel better.
The grasping roots constrict your sky beast.
The grasping roots constrict you!
* * * LOW HITPOINT WARNING * * *
Your sky beast struggles to escape constriction.
The orc priest mumbles some strange prayers to Beogh against you.
Beogh smites you!
You die...
Your body crumbles into a pile of gold.

#z #.........#.# # #.. ##
##.#....####.# #...
#........#.####.#####
##...##.###.#.#...........#
.....z.o..#.........#.....#
......o#.....#............##
.....)..o....#......#.....##
.#....#....####...........#.
###o...####o@.#....#..##.....
+.##...# #.#Y#..#.#..##.#.♣.
#..#...# #...........##.....
#..#...## ######.#.##.##.♣.♣.
#..#....# #............._
#####'##.##.# #.......##.♣.♣.
8##...#..##.# #)##.##..[.....
..)..##.....#
#####.##....##.#.♣.
.8#.#.#.##..#
#....Y...##.##.....


You could see a wight, 2 orc priests, 2 orc wizards and a friendly sky beast
(charmed, rooted).

Vanquished Creatures
  A wyvern (D:4)
  Duvessa (D:4)
  An orc warrior (D:6)
  6 ogres
  A centaur (D:6)
  3 phantoms
  A scorpion (D:6)
  A bullfrog (D:6)
  5 wights
  Dowan (D:4)
  A crimson imp (D:5)
  A jelly (D:6)
  An orc priest (D:6)
  An iguana (D:7)
  6 adders
  A shadow imp (D:5)
  2 white imps (D:7)
  2 ufetubi
  4 dart slugs
  9 orcs
  9 endoplasms
  3 giant cockroaches
  10 goblins
  10 hobgoblins
  7 jackals
  5 kobolds
  3 quokkas
  7 ball pythons
  8 bats
  4 frilled lizards
  3 rats
118 creatures vanquished.

Vanquished Creatures (collateral kills)
  A phantom (D:5)
  An orc priest (D:6)
  2 orcs (D:6)
  An endoplasm (D:4)
  3 jackals (D:4)
8 creatures vanquished.

Vanquished Creatures (others)
  A hound (D:5)
1 creature vanquished.

Grand Total: 127 creatures vanquished

Notes
Turn   | Place    | Note
-------+----------+-------------------------------------------
     0 | D:1      | H0rd4k the Octopode Artificer began the quest for the Orb.
     0 | D:1      | Reached XP level 1. HP: 13/13 MP: 1/1
   152 | D:1      | Reached XP level 2. HP: 17/18 MP: 2/2
   300 | D:1      | Reached XP level 3. HP: 20/23 MP: 3/3
   389 | D:1      | Noticed a floating eye
   391 | D:1      | Found a faded altar of an unknown god.
   480 | D:1      | Noticed a shining eye
   488 | D:1      | Noticed an eye of devastation
   603 | D:1      | Noticed an eye of devastation
   734 | D:2      | Reached skill level 1 in Unarmed Combat
   871 | D:2      | Reached XP level 4. HP: 21/28 MP: 4/4
  1030 | D:2      | Noticed an ogre
  1034 | D:2      | Killed an ogre
  1035 | D:2      | Reached XP level 5. HP: 33/33 MP: 5/5
  1634 | D:3      | Found a radiant altar of Vehumet.
  2109 | D:4      | Noticed a wyvern
  2242 | D:4      | Noticed a phantom
  2260 | D:4      | Killed a phantom
  2261 | D:4      | Reached XP level 6. HP: 10/38 MP: 6/6
  2388 | D:4      | Killed a wyvern
  2389 | D:4      | Reached XP level 7. HP: 43/43 MP: 7/7
  2608 | D:4      | Noticed Duvessa
  2608 | D:4      | Noticed Dowan
  2610 | D:4      | Found Oxuuvin's Assorted Antiques.
  2616 | D:4      | Killed Duvessa
  2617 | D:4      | Reached skill level 5 in Unarmed Combat
  2617 | D:4      | Reached skill level 5 in Evocations
  2626 | D:4      | Found a shadowy altar of Dithmenos.
  2812 | D:4      | Killed Dowan
  2992 | D:5      | Entered Level 5 of the Dungeon
  3072 | D:5      | Found an ancient bone altar of Kikubaaqudgha.
  3296 | D:5      | Reached XP level 8. HP: 43/50 MP: 8/8
  3372 | D:5      | Identified the ring of Nuiblel {rPois rF- rC- Will+++
                  | Str+6}
  3566 | D:5      | Found a burning altar of Makhleb.
  3755 | D:5      | You fall into a shaft and drop 2 floors!
  3912 | D:6      | Reached skill level 5 in Dodging
  4166 | D:6      | Found a staircase to the Ecumenical Temple.
  4177 | Temple   | Entered the Ecumenical Temple
  4245 | Temple   | Became a worshipper of Gozag Ym Sagoz the Greedy
  4441 | D:6      | Noticed Maggie
  4583 | D:6      | Reached skill level 1 in Shields
  4695 | D:6      | Reached XP level 9. HP: 37/55 MP: 9/9
  5230 | D:6      | Identified a scroll of acquirement
  5231 | D:6      | Acquired the ring "Ollodiq" {Fire Int+6}
  5452 | D:7      | Found an iron altar of Okawaru.
  5557 | D:7      | Found a stormy altar of Qazlal.
  5659 | D:7      | Killed from afar by an orc priest

Illustrated notes

Levels and vault maps discovered:
D:1:      dpeg_arrival_stone_temple_mockup, layout_rooms,
          hellmonk_ecumenical_altar_watching_god
D:2:      layout_rooms
D:3:      layout_basic, nicolae_vehumet_radiance
D:4:      kennysheep_big_flooded_room, layout_loops_cross,
          grunt_dithmenos_smoke, serial_shops, shop_fountains, uniq_duvessa
D:5:      layout_rooms, makhleb_grotto_becter, mainiacjoe_overflow_catwalk
D:6:      layout_loops_ring, minmay_temple_entry_gardened_gates, uniq_maggie
D:7:      minmay_chambers_of_sevens, layout_loops_cross,
          nicolae_qazlal_style_of_elements, okawaru_trees_1, uniq_prince_ribbit1
Temple:   nicolae_temple_great_sept

Skill      XL: |  1  2  3  4  5  6  7  8  9 |
---------------+----------------------------+-----
Evocations     | 4 5 7 |  7.6
Unarmed Combat | 1 2 3 4 6 7 |  7.7
Dodging        | 3 4 5 |  5.4
Fighting       | 2 3 |  3.1
Shields        | 1 |  1.2
Stealth        | |  1.3

Action                     |  1- 3 |  4- 6 |  7- 9 || total
---------------------------+-------+-------+-------++-------
  Melee: Unarmed           |   101 |    90 |   102 ||   293
         Constrict         |    31 |    21 |    22 ||    74
         Tentacles         |    22 |    23 |    31 ||    76
         Punch             |     1 |     1 |     4 ||     6
  Evoke: Wand              |       |    11 |    46 ||    57
    Use: Scroll            |       |       |     5 ||     5
         Potion            |       |       |     1 ||     1
   Stab: Sleeping          |     8 |     4 |     5 ||    17
 Armour: Skin              |    10 |     5 |     2 ||    17
  Dodge: Dodged            |    62 |    45 |    52 ||   159
  Block: Other             |       |       |    15 ||    15
         Reflection        |       |       |     3 ||     3
